 Dungeon Crawl Stone Soup version 0.18-b1-23-gf76aad1 (webtiles) character file.

117 Gingerlord the Skirmisher (level 5, -9/43 HPs)
             Began as a Formicid Abyssal Knight on May 5, 2016.
             Was a Believer of Lugonu.
             Mangled by a gnoll
             ... wielding a +0 halberd
              (14 damage)
             ... on level 3 of the Dungeon.
             The game lasted 00:03:56 (1936 turns).

Gingerlord the Skirmisher (Formicid Abyssal Knight) Turns: 1936, Time: 00:03:57

Health: -9/43      AC: 13    Str: 16    XL:     5   Next: 22%
Magic:  6/6        EV: 12    Int: 12    God:    Lugonu [**....]
Gold:   64         SH:  0    Dex: 16    Spells: 0 memorised, 4 levels left

rFire  . . .     SeeInvis +     o - +0 halberd
rCold  . . .     Gourm    .     e - +0 chain mail
rNeg   . . .     Faith    .     (no shield)
rPois  .         Spirit   .     (helmet unavailable)
rElec  .         Dismiss  .     h - +0 cloak
rCorr  .         Reflect  .     m - +2 pair of gloves
SustAt .         Harm     .     (no boots)
MR     .....                    (no amulet)
Stlth  ..........               (no ring)
                                (no ring)

@: agile, not resistant to hostile enchantments, extremely unstealthy
A: permanent stasis, dig shafts and tunnels, four strong arms, antennae 3
a: Dig, Shaft Self, Depart the Abyss, Bend Space, Renounce Religion


You were on level 3 of the Dungeon.
You worshipped Lugonu.
Lugonu was pleased with you.
You were not hungry.

You visited 1 branch of the dungeon, and saw 3 of its levels.
You visited the Abyss 1 time.

You collected 64 gold pieces.

Inventory:

Hand Weapons
 o - a +0 halberd (weapon)
Armour
 e - a +0 chain mail (worn)
 h - a +0 cloak (worn)
 m - a +2 pair of gloves (worn)
Scrolls
 b - 2 scrolls of amnesia {unknown}
 g - a scroll of identify {unknown}
 i - 2 scrolls of blinking {unknown}
 j - a scroll of enchant armour {unknown}
 k - a scroll of enchant weapon {unknown}
 l - a scroll of remove curse {unknown}
 n - a scroll of fog {unknown}
Comestibles
 c - 2 bread rations


   Skills:
 + Level 4.6 Fighting
 + Level 2.5 Polearms
 + Level 3.4 Armour
 + Level 1.3 Dodging
 + Level 0.3 Stealth
 + Level 2.6 Invocations


You had 4 spell levels left.
You didn't know any spells.

Dungeon Overview and Level Annotations

Branches:
Dungeon (3/15)

Altars:
Trog


Innate Abilities, Weirdness & Mutations

You are under a permanent stasis effect.
You can dig through walls and to a lower floor.
Your four strong arms can wield two-handed weapons with a shield.
You have a pair of large antennae on your head (SInv).


Message History

You are feeling hungry.
Mmm - a full handful of figs!
Eat which item? (? for menu, Esc to quit)
That choko was very bland.
Eat which item? (? for menu, Esc to quit)
That snozzcumber tasted truly putrid!
Eat which item? (? for menu, Esc to quit)
That orange was delicious!
Even the peel tasted good!
You start resting.
A gnoll comes into view. It is wielding a halberd.
A gnoll is nearby!
You closely miss the gnoll. The gnoll hits you with a halberd.
* * * LOW HITPOINT WARNING * * *
Unknown command.
Drink which item? (? for menu, Esc to quit)
It was a potion of agility.
You feel agile all of a sudden. The gnoll barely misses you.
You closely miss the gnoll. The gnoll hits you with a halberd!
You die...

......#.#####{g ........
#.#.. #g# ........ ...
#g# ........ ... #.#
........ .. #.# ........
# #.# ........ #.###
........ #.#g###........
#..#@##..............
#.#####.........$.... #.#
#..............
###.#####..............
###.....#................
#.......#................
#.......#................
#.......###..............
#####'### #†.............


You could see a gnoll.

Vanquished Creatures
  2 gnolls (D:3)
  5 adders (D:2)
  A worm (D:2)
  A dart slug (D:3)
  2 giant geckos
  An orc (D:3)
  7 bats
  4 giant cockroaches
  6 goblins
  3 hobgoblins
  3 jackals (D:1)
  4 giant newts
  3 kobolds
  4 rats
46 creatures vanquished.

Notes
Turn   | Place    | Note
--------------------------------------------------------------
     0 | Abyss:1  | Gingerlord the Formicid Abyssal Knight began the quest for the Orb.
     0 | Abyss:1  | Reached XP level 1. HP: 18/18 MP: 2/2
     7 | Abyss:1  | Noticed an ice devil
     9 | D:1      | Escaped the Abyss
    12 | D:1      | Reached skill level 1 in Dodging
   240 | D:1      | Reached * piety under Lugonu
   240 | D:1      | Reached XP level 2. HP: 24/25 MP: 3/3
   574 | D:1      | Reached skill level 4 in Fighting
   574 | D:1      | Reached XP level 3. HP: 30/30 MP: 4/4
   881 | D:2      | Reached XP level 4. HP: 20/37 MP: 5/5
  1470 | D:2      | Reached ** piety under Lugonu
  1707 | D:2      | Found a bloodstained altar of Trog.
  1726 | D:3      | Noticed an ice beast
  1844 | D:3      | Reached XP level 5. HP: 43/43 MP: 6/6
  1936 | D:3      | Mangled by a gnoll

Skill      XL: |  1  2  3  4 |
---------------+-------------+-----
Dodging        | 1 |  1.3
Fighting       | 4 |  4.6
Armour         | 3 |  3.4
Polearms       | |  2.5
Stealth        | |  0.3
Invocations    | |  2.6

Action                   |  1- 3 |  4- 6 || total
-------------------------+-------+-------++-------
Melee: Spear             |   114 |   101 ||   215
       Halberd           |       |     2 ||     2
Invok: Depart the Abyss  |     1 |       ||     1
 Abil: Dig               |       |     1 ||     1
  Use: Potion            |       |     1 ||     1
  Eat: Chunk             |       |     2 ||     2
       Fruit             |       |     4 ||     4
Armor: Chain mail        |    68 |    43 ||   111
Dodge: Dodged            |    32 |    31 ||    63
